 Dungeon Crawl Stone Soup version 0.26-a0-1205-g4083c211ab (webtiles) character file.

Game seed: 10388380980154460970

989 Kraken2834 the Firebug (level 7, -10/57 HPs)
             Began as a Pale Draconian Fire Elementalist on Dec 29, 2020.
             Was an Initiate of Sif Muna.
             Mangled by a two-headed ogre
             ... wielding a +0 giant club
              (17 damage)
             ... on level 5 of the Dungeon.
             The game lasted 00:25:07 (6208 turns).

Kraken2834 the Firebug (DrFE)                       Turns: 6208, Time: 00:25:08

Health: -10/57     AC: 11    Str: 10    XL:     7   Next: 98%
Magic:  13/13      EV: 12    Int: 17    God:    Sif Muna [......]
Gold:   240        SH:  0    Dex: 12    Spells: 13/14 levels left

rFire    . . .     SeeInvis .   g - staff of poison
rCold    . . .     Faith    .   (no shield)
rNeg     . . .     Spirit   .   (armour unavailable)
rPois    +         Reflect  .   (helmet restricted)
rElec    .         Harm     .   (no cloak)
rCorr    .         Rampage  .   m - +0 pair of gloves
Will     .....                  (no boots)
Stlth    ++........             (no amulet)
HPRegen  0.19/turn              d - +4 ring of protection
MPRegen  0.13/turn              (no ring)

@: attractive
A: breathe steam, unfitting armour, cold-blooded, AC +6
a: Breathe Steam, Renounce Religion


You were on level 5 of the Dungeon.
You worshipped Sif Muna.
Sif Muna was noncommittal.
You visited 2 branches of the dungeon, and saw 6 of its levels.

You collected 240 gold pieces.

Inventory:

Hand Weapons
 c - a +0 spear
Armour
 m - a +0 pair of gloves (worn)
Magical Staves
 g - an uncursed staff of poison (weapon)
Jewellery
 d - a +4 ring of protection (left hand)
Wands
 h - a wand of disintegration (17)
Scrolls
 b - a scroll of random uselessness {unknown}
 e - a scroll of amnesia {unknown}
 i - 2 scrolls of teleportation {unknown}
 j - a scroll of noise {unknown}
 l - a scroll of remove curse {unknown}
 q - 2 scrolls of magic mapping {unknown}
Potions
 a - 2 potions of cancellation
 f - 2 potions of mutation
 k - a potion of curing
 n - a potion of attraction
 o - a potion of ambrosia {unknown}
 p - 2 potions of magic {unknown}
 r - a potion of lignification {unknown}
 s - 2 potions of flight {unknown}


   Skills:
 * Level 3.3 Fighting
 * Level 1.7 Staves
 - Level 1.7 Dodging
 - Level 1.7 Stealth
 * Level 4.3 Spellcasting
 * Level 4.9 Conjurations
 * Level 6.5 Fire Magic


You had 13 spell levels left.
You knew the following spells:

 Your Spells              Type           Power        Failure   Level
a - Foxfire               Conj/Fire      92%          1%          1

Your spell library contained the following spells:

 Spells                   Type           Power        Failure   Level
 Conjure Flame            Conj/Fire      23%          4%          3
 Inner Flame              Hex/Fire       14%          12%         3
 Sticky Flame             Conj/Fire      23%          14%         4
 Fireball                 Conj/Fire      11%          38%         5


Dungeon Overview and Level Annotations

Branches:
Dungeon (5/15)             Temple (1/1) D:4

Altars:
Cheibriados
Dithmenos
Gozag
Hepliaklqana
Okawaru
Ru
Sif Muna
Trog
Uskayaw
Wu Jian
Xom
The Shining One

Shops:
D:4 *(?


Innate Abilities, Weirdness & Mutations

You can breathe blasts of scalding, opaque steam.
Your pale cyan-grey scales are hard. (AC +6)
You cannot fit into any form of body armour.
You are cold-blooded and may be slowed by cold attacks.


Message History

The two-headed ogre is lightly wounded.
The two-headed ogre hits you with a +0 giant club.
The two-headed ogre closely misses you.
You hit the two-headed ogre but do no damage.
The two-headed ogre is lightly wounded.
The two-headed ogre barely misses you.
The two-headed ogre hits you with a +0 giant club!!
* * * LOW HITPOINT WARNING * * *
Okay, then.
Your foxfire dissipates!
You see here a sky beast corpse.
Found 21 arrows.
Okay, then.
You feel better.
It was a potion of attraction.
You feel attractive to monsters.
The two-headed ogre hits you with a +0 giant club!
* * * LOW HITPOINT WARNING * * *
The two-headed ogre hits you with a +0 giant club!
You die...

#.##.##†#.......# #
#.##.#######.# #..#.#
##.## ##.#.# #...#
#.###.#.# #...#
#.......# #...#
#####.########...#####
#.......#...........###
#.............O@......#
#..#.##.#...........#.#
.#
#..#.##.###.......###.#
.# #..#.##(# #.#...#.#
#.# .# #. #.##.#
#.#...#.###.####.# ..
.....#
#.#...#........#.# #.
### #..###...##.##.#.#
#.# ##.<##.##.#†##.##
.. #<.##...[.......


You could see a two-headed ogre.

Vanquished Creatures
  The ghost of Rosaphim the Skirmisher, an amateur FoCK of Xom (D:3)
  A sky beast (D:5)
  A phantom (D:4)
  A centaur (D:4)
  A scorpion (D:4)
  The ghost of Beaer the Sneak, a weakling VSBr (D:4)
  A centaur skeleton (D:4)
  2 orc priests (D:4)
  A bullfrog skeleton (D:4)
  4 orc wizards (D:4)
  An iguana (D:4)
  3 worker ants (D:4)
  8 adders
  4 river rats (D:4)
  A worm (D:4)
  6 dart slugs
  4 leopard geckos
  9 orcs
  A ball python (D:1)
  7 bats
  3 giant cockroaches
  11 goblins
  3 hobgoblins
  5 kobolds
  3 frilled lizards
  13 rats
  A butterfly (D:4)
97 creatures vanquished.

Vanquished Creatures (others)
  303 foxfires
303 creatures vanquished.

Grand Total: 400 creatures vanquished

Notes
Turn   | Place    | Note
-------+----------+-------------------------------------------
     0 | D:1      | Kraken2834 the Draconian Fire Elementalist began the quest
                  | for the Orb.
     0 | D:1      | Reached XP level 1. HP: 14/14 MP: 3/3
   202 | D:1      | Reached XP level 2. HP: 15/20 MP: 3/5
  1005 | D:2      | Reached XP level 3. HP: 27/27 MP: 3/6
  1145 | D:2      | Reached skill level 1 in Fighting
  1626 | D:2      | Reached skill level 4 in Fire Magic
  2223 | D:3      | Reached XP level 4. HP: 29/35 MP: 7/7
  2470 | D:3      | Found a runed translucent door.
  2475 | D:3      | Noticed Rosaphim's ghost (amateur FoCK)
  2549 | D:3      | Killed Rosaphim's ghost
  2550 | D:3      | Reached XP level 5. HP: 15/41 MP: 7/9
  2975 | D:3      | Found a hazy altar of Hepliaklqana.
  3226 | D:4      | Found Qul Soiwn's Weapon Emporium.
  3277 | D:4      | Reached XP level 6. HP: 22/48 MP: 0/10
  3517 | D:4      | Found Fudghire's General Store.
  3534 | D:4      | Reached skill level 5 in Fire Magic
  3770 | D:4      | Found an ornate altar of the Wu Jian Council.
  3943 | D:4      | Your scales start taking on a pale cyan-grey colour.
  3943 | D:4      | Reached XP level 7. HP: 49/56 MP: 1/12
  4038 | D:4      | Reached skill level 6 in Fire Magic
  4234 | D:4      | Found a staircase to the Ecumenical Temple.
  4246 | Temple   | Entered the Ecumenical Temple
  5131 | D:4      | Found a runed translucent door.
  5136 | D:4      | Noticed Beaer's ghost (weakling VSBr)
  5153 | D:4      | Killed Beaer's ghost
  5367 | D:4      | Reached skill level 1 in Staves
  5540 | D:4      | Found a shimmering blue altar of Sif Muna.
  5549 | D:4      | Became a worshipper of Sif Muna the Loreminder
  5738 | D:4      | Found Welaap's Magic Scroll Shoppe.
  5965 | D:5      | Entered Level 5 of the Dungeon
  6122 | D:5      | Noticed a two-headed ogre
  6208 | D:5      | Mangled by a two-headed ogre

Illustrated notes

Levels and vault maps discovered:
D:1:      wander_arrival_estate, layout_basic, minmay_pentomino_z4
D:2:      layout_rooms, minivault_24
D:3:      layout_loops_corners, nzn_hepliaklqana_mist_gate,
          ebering_ghost_reflecting_pool
D:4:      layout_basic, lemuel_coloured_pillars_altar, nzn_wu_jian_council_hall,
          minmay_temple_entry_butterflies, serial_shops, shop,
          nicolae_shop_stone, kennysheep_little_box, lightli_sewer_entry_pipes,
          ebering_ghost_sewer_d
D:5:      layout_loops_cross, hangedman_ru_absence
Temple:   dpeg_three_leaves_temple

Skill      XL: |  1  2  3  4  5  6  7 |
---------------+----------------------+-----
Fighting       | 1 2 3 |  3.3
Fire Magic     | 4 5 6 |  6.5
Conjurations   | 2 3 4 |  4.9
Spellcasting   | 3 4 |  4.3
Staves         | 1 |  1.7
Dodging        | |  1.7
Stealth        | |  1.7

Action                   |  1- 3 |  4- 6 |  7- 9 || total
-------------------------+-------+-------+-------++-------
Melee: Unarmed           |    27 |       |       ||    27
       Tailslap          |     4 |     9 |     9 ||    22
       Spear             |    53 |    98 |     6 ||   157
       Staff             |       |       |   157 ||   157
 Cast: Foxfire           |    87 |    58 |    78 ||   223
 Abil: Breathe Steam     |       |       |     9 ||     9
  Use: Scroll            |       |     5 |       ||     5
       Potion            |       |     1 |     3 ||     4
Armor: Skin              |    35 |    43 |    73 ||   151
Dodge: Dodged            |    52 |    66 |   121 ||   239

Table legend: (Time is in decaauts)
 A = Elapsed time spent in this place.
 B = Non-inter-level travel time spent in this place.
 C = Inter-level travel time spent in this place.
 D = Time resting spent in this place.
 E = Time spent auto-exploring this place.
 F = Levels seen in this place.
 G = Mean time per level.
                   A        B        C        D        E       F      G
               +--------+--------+--------+--------+--------+-----+--------+
         Total |   6287 |   6172 |    115 |    912 |   4153 |   6 | 1047.8 |
       Dungeon |   6185 |   6070 |    115 |    912 |   4086 |   5 | 1237.0 |
        Temple |    101 |    101 |      0 |      0 |     67 |   1 |  101.0 |
               +--------+--------+--------+--------+--------+-----+--------+

Top non-repeatable levels by time:
     D:4: 2775 daAuts
     D:3: 1356 daAuts
     D:2: 991 daAuts
     D:1: 817 daAuts
     D:5: 243 daAuts
  Temple: 101 daAuts
